Map: Pillars of Gold LE

Players

AfreecaDRG (DRG) - Winner!

  • Race: Zerg Zerg
  • League: Master
  • Spawn Location: 7:00

Nice

  • Race: Protoss Protoss
  • Spawn Location: 1:00

Event: DreamHack SC2 Masters 2020 Fall

VOD

Have the link to the VOD?

Description

Time

  • Played on: Sept. 16, 2020, 12:27 p.m.
  • Length: 10:21

All games in this series

Show
View Real Time Build Order
Export as new Build Order

AfreecaDRG Zerg - Winner!

Build Orders: Hatch First 

Get SALT Encoding   

  12  0:00  Drone  
  13  0:12  Overlord  
  13  0:17  Drone  
  14  0:30  Drone  
  14  0:31  Drone  
  16  0:49  Hatchery  
  15  0:53  Drone  
  15  0:56  Drone  
  17  1:00  Drone  
  18  1:09  Extractor  
  17  1:16  Spawning Pool  
  16  1:19  Drone  
  16  1:21  Drone  
  18  1:27  Drone  
  19  1:39  Drone  
  20  1:49  Hatchery  
  20  1:52  Drone  
  20  2:00  Drone  
  21  2:02  Zergling x2  
  21  2:07  Queen  
  24  2:14  Overlord  
  24  2:17  Drone  
  24  2:21  Drone  
  26  2:28  Queen  
  28  2:34  Drone  
  28  2:36  Drone  
  31  2:37  Drone  
  31  2:44  Drone  
  32  2:46  Queen  
  34  2:55  Drone x2  
  34  2:58  Overlord  
  36  3:03  Queen  
  38  3:07  Drone x2  
  38  3:10  Drone  
  41  3:13  Metabolic Boost  
  41  3:17  Drone  
  42  3:22  Zergling x4  
  42  3:24  Overlord  
  43  3:28  Queen  
  43  3:32  Spore Crawler  
  43  3:34  Drone  
  45  3:38  Drone, Spore Crawler  
  45  3:42  Drone x3  
  45  3:45  Drone  
  45  3:47  Drone  
  45  3:48  Drone  
  51  3:52  Overlord  
  51  3:54  Drone  
  51  3:55  Drone  
  53  4:00  Drone x3  
  56  4:04  Overlord  
  56  4:05  Drone  
  57  4:10  Overlord  
  57  4:12  Drone x2  
  57  4:15  Drone x2  
  61  4:18  Drone  
  61  4:23  Drone x2  
  64  4:24  Drone  
  64  4:28  Drone  
  64  4:29  Drone x2  
  67  4:38  Lair  
  67  4:40  Extractor  
  67  4:42  Roach Warren  
  67  4:43  Overlord x2  
  65  4:51  Overlord  
  65  4:55  Overlord  
  65  4:58  Drone  
  65  5:01  Evolution Chamber, Overlord, Queen x2  
  65  5:03  Zergling x6  
  65  5:04  Zergling x2  
  65  5:05  Drone x2  
  65  5:06  Drone  
  75  5:07  Drone  
  75  5:08  Drone  
  75  5:09  Drone  
  75  5:10  Drone  
  75  5:12  Drone x2  
  75  5:13  Drone  
  82  5:14  Drone  
  82  5:16  Drone  
  82  5:18  Drone x2  
  86  5:21  Drone  
  86  5:23  Extractor  
  86  5:24  Extractor  
  86  5:26  Drone  
  86  5:28  Drone  
  87  5:29  Extractor  
  87  5:30  Zerg Missile Weapons Level 1  
  87  5:32  Drone, Extractor  
  86  5:41  Drone x2, Hydralisk Den  
  87  5:43  Drone x3  
  87  5:45  Drone  
  87  5:46  Drone x2  
  87  5:49  Extractor, Hatchery  
  91  5:50  Queen x2  
  91  5:56  Drone x2, Spore Crawler  
  97  5:57  Extractor  
  97  6:03  Overlord  
  96  6:04  Overlord  
  96  6:09  Drone x3  
  96  6:10  Grooved Spines  
  100  6:12  Drone x2  
  100  6:13  Evolution Chamber  
  100  6:21  Overlord  
  100  6:28  Hatchery  
  100  6:30  Queen  
  101  6:41  Overlord  
  101  6:43  Drone x14  
  115  6:47  Zerg Ground Armor Level 1  
  115  6:58  Overlord  
  114  7:02  Extractor, Hydralisk x5  
  123  7:12  Hydralisk x7  
  137  7:21  Muscular Augments  
  137  7:22  Hydralisk x3  
  137  7:27  Overlord x2  
  137  7:28  Zerg Missile Weapons Level 2  
  141  7:30  Extractor  
  141  7:33  Overlord x2  
  141  7:35  Drone x3  
  143  7:37  Extractor  
  143  7:38  Hydralisk  
  143  7:39  Overlord  
  143  7:40  Overlord  
  144  7:46  Hydralisk x3  
  150  7:52  Overlord x2  
  150  7:57  Hydralisk x2  
  153  8:05  Hydralisk x6  
  153  8:08  Hatchery  
  153  8:11  Hydralisk x3  
  170  8:15  Overseer  
  170  8:19  Hydralisk x4  
  172  8:25  Hydralisk x3  
  184  8:28  Hydralisk  
  186  8:37  Hydralisk x5  
  186  8:40  Zergling x8  
  200  8:50  Spore Crawler  
  199  8:56  Zergling x2  
  199  9:00  Overlord  
  199  9:01  Overlord x5  
  199  9:12  Hatchery  
  199  9:15  Overlord  
  175  9:24  Hydralisk x4  
  175  9:25  Hydralisk x5  
  175  9:30  Hydralisk x2  
  190  9:36  Overseer  
  190  9:38  Drone x5, Infestation Pit  
  193  9:43  Hydralisk x2  
  193  9:44  Hydralisk  
  192  9:51  Hydralisk x3  
Show
View Real Time Build Order
Export as new Build Order

Nice Protoss 

Build Orders: 1 Gate Expand, Carriers 

Get SALT Encoding   

  12  0:01  Probe  
  13  0:14  Probe  
  14  0:21  Pylon  
  14  0:26  Probe  
  15  0:30  Assimilator  
  15  0:39  Probe (Chrono Boost)  
  16  0:45  Gateway  
  17  0:51  Probe (Chrono Boost)  
  17  0:57  Probe (Chrono Boost)  
  18  1:05  Probe  
  19  1:17  Probe  
  20  1:26  Nexus  
  20  1:36  Cybernetics Core  
  20  1:43  Assimilator  
  20  1:46  Probe  
  21  1:52  Pylon  
  21  1:58  Probe  
  22  2:09  Stalker (Chrono Boost)  
  22  2:10  Probe (Chrono Boost)  
  22  2:13  Warp Gate  
  25  2:22  Probe (Chrono Boost)  
  26  2:27  Stargate  
  26  2:36  Stalker  
  29  2:37  Probe (Chrono Boost)  
  29  2:39  Probe (Chrono Boost)  
  30  2:49  Probe (Chrono Boost)  
  30  2:50  Probe (Chrono Boost)  
  32  2:54  Probe (Chrono Boost)  
  33  2:58  Probe  
  33  3:02  Void Ray (Chrono Boost)  
  34  3:06  Gateway  
  38  3:14  Probe  
  38  3:17  Probe  
  40  3:21  Pylon  
  40  3:26  Probe  
  41  3:29  Probe  
  41  3:30  Void Ray (Chrono Boost)  
  42  3:38  Probe  
  42  3:41  Probe  
  48  3:46  Assimilator  
  48  3:50  Probe  
  48  3:51  Assimilator  
  48  3:53  Probe  
  50  3:56  Pylon  
  50  4:02  Probe  
  51  4:05  Probe  
  51  4:08  Void Ray (Chrono Boost)  
  52  4:14  Probe  
  57  4:17  Probe  
  58  4:26  Probe  
  58  4:29  Fleet Beacon  
  59  4:31  Probe  
  60  4:38  Probe  
  60  4:43  Probe  
  62  4:50  Stargate  
  62  4:51  Pylon  
  62  4:54  Protoss Air Weapons Level 1  
  62  4:59  Shield Battery  
  62  5:02  Void Ray (Chrono Boost)  
  62  5:04  Unknown  
  62  5:05  Nexus  
  62  5:06  Pylon  
  66  5:17  Probe x2  
  68  5:29  Probe x2  
  68  5:30  Shield Battery, Pylon  
  68  5:32  Void Ray  
  70  5:40  Stargate  
  70  5:41  Probe  
  70  5:42  Probe  
  76  5:46  Void Ray  
  80  5:57  Probe x2  
  80  6:00  Adept x2  
  86  6:06  Pylon  
  86  6:12  Pylon  
  86  6:17  Probe x2  
  89  6:21  Pylon  
  89  6:25  Carrier (Chrono Boost)  
  94  6:40  Probe x3  
  94  6:41  Carrier (Chrono Boost)  
  94  6:42  Assimilator  
  94  6:44  Forge, Assimilator  
  103  6:52  Pylon, Probe x3  
  110  7:08  Void Ray (Chrono Boost)  
  110  7:09  Probe x3  
  110  7:14  Void Ray (Chrono Boost)  
  117  7:26  Stargate  
  117  7:27  Pylon  
  117  7:28  Photon Cannon  
  117  7:33  Photon Cannon  
  123  7:53  Gateway  
  123  7:54  Carrier (Chrono Boost)  
  123  7:55  Gateway  
  123  7:57  Gateway  
  123  7:58  Photon Cannon  
  123  7:59  Twilight Council  
  123  8:03  Zealot  
  123  8:04  Nexus  
  125  8:06  Carrier (Chrono Boost), Pylon  
  131  8:18  Probe x3  
  134  8:25  Carrier (Chrono Boost)  
  140  8:27  Shield Battery  
  140  8:31  Shield Battery, Probe  
  140  8:33  Shield Battery  
  141  8:34  Probe x2  
  141  8:38  Photon Cannon  
  141  8:39  Pylon  
  141  8:40  Sentry  
  141  8:41  Sentry  
  147  8:48  Zealot  
  149  9:01  Carrier (Chrono Boost)  
  155  9:08  Carrier (Chrono Boost)  
  151  9:11  Zealot x4  
  137  9:28  Probe  
  137  9:29  Probe  
  115  9:33  Zealot x2  
  115  9:34  Zealot  
  121  9:43  Probe (Chrono Boost)  
  117  9:46  Probe (Chrono Boost)  
  117  9:56  Zealot x2, Probe (Chrono Boost)  
  112  10:01  Probe (Chrono Boost)  
  76  10:09  Probe x2  

Tags
 
Add a new tag
Caveats
  • Supply blocks, unpowered buildings, or Contaminate may cause inaccurate times.
  • Supply counts are checked every 10 seconds.